 Dungeon Crawl Stone Soup version 0.29-a0-321-gf1c400731a (webtiles) character file.

Game seed: 2101997132130260827

982 GigaChad the Quickloader (level 7, -1/61 HPs)
             Began as a Minotaur Hunter on Apr 4, 2022.
             Was a Believer of the Shining One.
             Slain by Duvessa
             ... wielding a +0 rapier of venom
              (2 damage)
             ... on level 7 of the Dungeon.
             The game lasted 00:18:24 (3167 turns).

GigaChad the Quickloader (Minotaur Hunter)          Turns: 3167, Time: 00:18:25

Health: -1/61      AC:  7    Str: 16    XL:     7   Next: 96%
Magic:  6/6        EV: 11    Int:  6    God:    the Shining One [**....]
Gold:   217        SH:  0    Dex: 15    Spells: 6/6 levels left

rFire   + + .      SeeInvis .   a - +1 hand crossbow (freeze)
rCold   x . .      Faith    .   (no shield)
rNeg    + + .      Spirit   .   m - +1 ring mail of Etozep {rF+}
rPois   .          Reflect  .   (helmet restricted)
rElec   .          Harm     +   j - +0 cloak "Mydu" {Contam Harm Regen+ Stlth+}
rCorr   .          Rampage  .   (no gloves)
Will    .....                   (no boots)
Stlth   +.........              (no amulet)
HPRegen 1.00/turn               f - ring of positive energy
MPRegen 0.10/turn               t - ring of fire

@: lethally poisoned (-1 -> -14), about to teleport, glowing
A: horns 2, retaliatory headbutt
a: Renounce Religion, Divine Shield


You were on level 7 of the Dungeon.
You worshipped the Shining One.
The Shining One was pleased with you.
You visited 2 branches of the dungeon, and saw 8 of its levels.

You collected 217 gold pieces.

Inventory:

Hand Weapons
 a - a +1 hand crossbow of freezing (weapon)
 e - a +0 mace
 p - a +0 hand axe
 r - a +0 spear
 u - a +0 glaive
 v - a +1 short sword of venom
 w - a +3 halberd
 F - a +0 war axe
 G - a +0 hand axe
 J - a +0 falchion
Missiles
 s - 3 poisoned darts
Armour
 b - a +0 leather armour
 j - the +0 cloak "Mydu" (worn) {Contam Harm Regen+ Stlth+}
   (You found it on level 2 of the Dungeon)

   Contam:    It causes magical contamination when unequipped.
   Regen:     It increases your rate of health regeneration.
   Harm:      It increases damage dealt and taken.
   Stlth:     It makes you more stealthy.
 m - the +1 ring mail of Etozep (worn) {rF+}
   (You found it on level 2 of the Dungeon)

   rF:        It protects you from fire.
 o - a +0 buckler
 H - a +0 chain mail
Jewellery
 f - a ring of positive energy (left hand)
 t - a ring of fire (right hand)
 C - a ring of protection from cold
Wands
 B - a wand of iceblast (8)
Scrolls
 c - 2 scrolls of immolation
 d - 8 scrolls of identify
 i - 5 scrolls of teleportation
 k - 2 scrolls of noise
 q - 2 scrolls of magic mapping {unknown}
 x - a scroll of vulnerability {unknown}
 y - a scroll of amnesia {unknown}
 D - a scroll of silence {unknown}
Potions
 g - a potion of heal wounds
 h - 2 potions of might
 l - 2 potions of brilliance {unknown}
 n - 4 potions of curing {unknown}
 z - a potion of cancellation {unknown}
 A - a potion of degeneration {unknown}
 E - a potion of berserk rage {unknown}
 I - a potion of lignification {unknown}


   Skills:
 + Level 5.3 Fighting
 + Level 2.6(3.3) Axes
 + Level 3.0(3.5) Polearms
 + Level 8.1 Crossbows
 + Level 3.3 Armour
 + Level 3.0 Dodging
 + Level 1.3 Stealth


You had 6 spell levels left.
You didn't know any spells.
Your spell library contained the following spells:

 Spells                   Type           Power      Damage    Failure   Level
 Hailstorm                Conj/Ice       0%         3d3       100%        4
 Ice Form                 Ice/Tmut       0%         N/A       100%        4
 Simulacrum               Ice/Necr       0%         N/A       100%        6


Dungeon Overview and Level Annotations

Branches:
Dungeon (7/15)             Temple (1/1) D:4

Altars:
Ashenzari
Cheibriados
Dithmenos
Elyvilon
Fedhas
Gozag
Hepliaklqana
Kikubaaqudgha
Makhleb
Nemelex Xobeh
Okawaru
Qazlal
Ru
Sif Muna
Trog
Uskayaw
Vehumet
Wu Jian
Xom
Yredelemnul
Zin
The Shining One

Annotations:
D:7 Duvessa


Innate Abilities, Weirdness & Mutations

You have a pair of horns on your head.
You reflexively headbutt those who attack you in melee.


Message History

Duvessa screams in rage.
Duvessa goes berserk!
Duvessa hits you with a +0 rapier of venom!
You are poisoned.
Duvessa hits you with a +0 rapier of venom!
Your Polearms skill increases to level 3!
You feel very sick. Duvessa closely misses you.
You shoot a bolt. The bolt hits Duvessa.
The bolt freezes Duvessa.
Duvessa is lightly wounded.
You feel very sick.
Duvessa hits you with a +0 rapier of venom.
You are more poisoned.
A bullfrog comes into view.
You shoot a bolt. The bullfrog gives a loud, deep croak!
The bolt hits Duvessa but does no damage.
Duvessa is lightly wounded.
You feel very sick.
Duvessa hits you with a +0 rapier of venom!
* * * LOW HITPOINT WARNING * * *
You are lethally poisoned!
Duvessa misses you.
You are too injured to fight recklessly!
You are too injured to fight recklessly!
Duvessa attacks as you move away! Duvessa completely misses you.
* * * LOW HITPOINT WARNING * * *
You feel extremely sick.
Duvessa hits you with a +0 rapier of venom!
The Shining One protects you from harm!
You are too injured to fight recklessly!
You are too injured to fight recklessly!
You are too injured to fight recklessly!
You are too injured to fight recklessly!
As you read the scroll of teleportation, it crumbles to dust.
You feel strangely unstable.
* * * LOW HITPOINT WARNING * * *
You feel very sick.
Duvessa hits you with a +0 rapier of venom.
You die...

#.....<.#
#.......#
#.......#
#.......#
#.......#
#.......#
#.......+
#@e<....#
#...)...#
#.......#
#....F..#
+.......#
#.........
#..........
#..........


You could see Duvessa (berserk, fast) and a bullfrog.

Vanquished Creatures
  A steam dragon (D:5)
  An ogre (D:5)
  A phantom (D:5)
  2 necrophages
  A scorpion (D:5)
  Dowan (D:7)
  A howler monkey (D:5)
  2 jellies
  2 orc priests (D:6)
  A gnoll shaman (D:5)
  Terence (D:2)
  An iguana (D:6)
  An orc wizard (D:4)
  7 gnolls
  9 adders
  An ufetubus (D:6)
  A worm (D:2)
  A dart slug (D:3)
  10 orcs
  2 bats
  5 endoplasms
  3 giant cockroaches
  9 goblins
  A hobgoblin (D:3)
  3 jackals (D:5)
  6 quokkas
  7 ball pythons
  6 frilled lizards
  5 kobolds
  4 rats
  A butterfly (D:4)
97 creatures vanquished.

Notes
Turn   | Place    | Note
-------+----------+-------------------------------------------
     0 | D:1      | GigaChad the Minotaur Hunter began the quest for the Orb.
     0 | D:1      | Reached XP level 1. HP: 18/18 MP: 0/0
    14 | D:1      | Found a faded altar of an unknown god.
    23 | D:1      | Prayed at the altar of an unknown god.
    23 | D:1      | Became a worshipper of the Shining One
    23 | D:1      | Reached * piety under the Shining One
   122 | D:1      | Reached XP level 2. HP: 24/25 MP: 1/1
   126 | D:1      | Reached skill level 5 in Crossbows
   462 | D:2      | Identified the +0 cloak "Mydu" {Contam Harm Regen+ Stlth+}
   467 | D:2      | Reached XP level 3. HP: 30/30 MP: 2/2
   484 | D:2      | Noticed Terence
   488 | D:2      | Killed Terence
   587 | D:2      | Identified the +1 ring mail of Etozep {rF+}
   671 | D:2      | Reached skill level 6 in Crossbows
   830 | D:2      | Reached XP level 4. HP: 37/37 MP: 3/3
  1214 | D:3      | Reached skill level 1 in Armour
  1239 | D:3      | Found a sparkling altar of Nemelex Xobeh.
  1334 | D:3      | You fall into a shaft and drop 1 floor!
  1396 | D:4      | Reached XP level 5. HP: 45/45 MP: 4/4
  1474 | D:4      | Found a hazy altar of Hepliaklqana.
  1567 | D:4      | Reached ** piety under the Shining One
  1568 | D:4      | Reached skill level 7 in Crossbows
  1613 | D:4      | Found a staircase to the Ecumenical Temple.
  1627 | Temple   | Entered the Ecumenical Temple
  1934 | D:5      | Entered Level 5 of the Dungeon
  1939 | D:5      | Reached XP level 6. HP: 52/52 MP: 5/5
  2021 | D:5      | Reached skill level 1 in Axes
  2079 | D:5      | Reached skill level 1 in Stealth
  2086 | D:5      | Noticed a steam dragon
  2091 | D:5      | Killed a steam dragon
  2092 | D:5      | Reached XP level 7. HP: 60/60 MP: 6/6
  2296 | D:5      | Reached skill level 1 in Polearms
  2305 | D:5      | Reached skill level 5 in Fighting
  2363 | D:5      | Reached skill level 8 in Crossbows
  3157 | D:7      | Noticed Duvessa
  3157 | D:7      | Noticed Dowan
  3162 | D:7      | Killed Dowan
  3166 | D:7      | The Shining One protects you from harm!
  3167 | D:7      | HP: 1/61 [poisoned by Duvessa]
  3167 | D:7      | Slain by Duvessa

Illustrated notes

Levels and vault maps discovered:
D:1:      doesnt_arrival_eight_statues, layout_loops_cross,
          hellmonk_ecumenical_altar_run_dry, chequers_decorated_corner
D:2:      layout_rooms, uniq_terence
D:3:      layout_rooms, lemuel_round_altar, serial_park_tiny_2
D:4:      layout_basic, mainiacjoe_overflow_six_doors_small,
          minmay_temple_entry_butterflies, minmay_vboxes
D:5:      layout_loops_ring, portal_sewer_entry_b, kennysheep_generic_room_10
D:6:      layout_loops_ring, uniq_sigmund
D:7:      layout_gridville, serial_undead, serial_undead_e, serial_undead_e,
          serial_undead_c, serial_undead_f, uniq_duvessa
Temple:   regret_index_temple_chain_breaker

Skill      XL: |  1  2  3  4  5  6  7 |
---------------+----------------------+-----
Crossbows      | 5 6 7 8 |  8.1
Armour         | 1 2 3 |  3.3
Fighting       | 3 4 5 |  5.3
Axes           | 1 2 |  2.6
Stealth        | 1 |  1.3
Polearms       | 3 |  3.0
Dodging        | 3 |  3.0

Action                   |  1- 3 |  4- 6 |  7- 9 || total
-------------------------+-------+-------+-------++-------
Melee: Hand axe          |       |     7 |       ||     7
       Headbutt          |       |     4 |     4 ||     8
       Halberd           |       |    10 |    15 ||    25
 Fire: Hand crossbow     |    65 |    99 |    25 ||   189
  Use: Scroll            |     6 |     1 |     1 ||     8
Armor: Leather armour    |     7 |       |       ||     7
       Ring mail         |     3 |    36 |     6 ||    45
Dodge: Dodged            |    18 |    42 |    18 ||    78

Table legend: (Time is in decaauts)
 A = Elapsed time spent in this place.
 B = Non-inter-level travel time spent in this place.
 C = Inter-level travel time spent in this place.
 D = Time resting spent in this place.
 E = Time spent auto-exploring this place.
 F = Levels seen in this place.
 G = Mean time per level.
                   A        B        C        D        E       F      G
               +--------+--------+--------+--------+--------+-----+--------+
         Total |   3226 |   3126 |    100 |      0 |    700 |   8 |  403.2 |
       Dungeon |   2944 |   2891 |     53 |      0 |    606 |   7 |  420.6 |
        Temple |    281 |    234 |     47 |      0 |     94 |   1 |  281.0 |
               +--------+--------+--------+--------+--------+-----+--------+

Top non-repeatable levels by time:
     D:6: 627 daAuts
     D:5: 613 daAuts
     D:2: 554 daAuts
     D:1: 443 daAuts
     D:3: 363 daAuts
     D:4: 331 daAuts
  Temple: 281 daAuts
     D:7: 11 daAuts
